 Dungeon Crawl Stone Soup version 0.26.0-57-g60708a5e39 (webtiles) character file.

Game seed: 16539435762119342320

(classic levelgen) 247 thiole the Ducker (level 6, 0/39 HPs)
             Began as an Octopode Hedge Wizard on Feb 1, 2021.
             Killed by divine providence
             ... invoked by an orc priest
              (12 damage)
             ... on level 3 of the Dungeon.
             The game lasted 00:07:34 (3728 turns).

thiole the Ducker (Octopode Hedge Wizard)           Turns: 3728, Time: 00:07:34

Health: 0/39       AC:  1    Str: 10    XL:     6   Next: 11%
Magic:  1/11       EV: 14    Int: 18    God:
Gold:   96         SH:  0    Dex: 11    Spells: 4/12 levels left

rFire    . . .     SeeInvis .   a - +0 dagger
rCold    . . .     Faith    .   (no shield)
rNeg     . . .     Spirit   .   b - +0 hat
rPois    .         Reflect  .   (no amulet)
rElec    .         Harm     .   (no ring)
rCorr    .         Rampage  .   (no ring)
Will     .....                  (no ring)
Stlth    +++.......             (no ring)
HPRegen  0.13/turn              (no ring)
MPRegen  0.12/turn              (no ring)
                                (no ring)
                                (no ring)

@: no status effects
A: almost no armour, stealthy swim, amphibious, 8 rings, constrict 8, camouflage
1, gelatinous body 1
a: no special abilities


You were on level 3 of the Dungeon.
You visited 1 branch of the dungeon, and saw 3 of its levels.

You collected 96 gold pieces.

Inventory:

Hand Weapons
 a - a +0 dagger (weapon)
Armour
 b - a +0 hat (worn)
Scrolls
 d - 5 scrolls of identify {unknown}
 e - a scroll of fear {unknown}
 f - a scroll of blinking {unknown}
 h - 3 scrolls of teleportation {unknown}
 i - a scroll of fog {unknown}
 k - a scroll of remove curse {unknown}
Potions
 c - 2 potions of curing {unknown}
 g - a potion of heal wounds {unknown}
 j - a potion of degeneration {unknown}
 l - a potion of might {unknown}
 m - a potion of flight {unknown}
 n - a potion of brilliance {unknown}


   Skills:
 - Level 2.0 Fighting
 - Level 4.0 Dodging
 - Level 2.6 Stealth
 + Level 3.6 Spellcasting
 - Level 3.0 Conjurations
 - Level 2.0 Summonings
 - Level 1.0 Translocations


You had 4 spell levels left.
You knew the following spells:

 Your Spells              Type           Power        Failure   Level
a - Magic Dart            Conj           56%          4%          1
b - Call Imp              Summ           10%          11%         2
c - Blink                 Tloc           N/A          16%         2
d - Mephitic Cloud        Conj/Pois/Air  6%           30%         3

Your spell library contained the following spells:

 Spells                   Type           Power        Failure   Level
 Slow                     Hex            3%           24%         2
 Conjure Flame            Conj/Fire      8%           26%         3


Dungeon Overview and Level Annotations

Branches:
Dungeon (3/15)

Altars:
Uskayaw


Innate Abilities, Weirdness & Mutations

You cannot wear most types of armour.
You are very stealthy in the water. (Stealth+)
You are amphibious.
You can wear up to eight rings at the same time.
You can use your tentacles to constrict eight enemies at once.
Your skin changes colour to match your surroundings (Stealth+).
Your rubbery body absorbs attacks. (AC +1, EV +1)


Message History

Aim: an orc priest, wielding a -2 whip (severely wounded, 0% to evade)
The magic dart hits the orc priest.
The orc priest is almost dead.
The orc priest calls down the wrath of Beogh upon you.
Beogh smites you!
Casting: Magic Dart (safe; 4% risk of failure)
Confirm with . or Enter, or press ? or * to list all spells.
Aiming: Magic Dart (safe; 4% risk of failure)
Press: ? - help, Shift-Dir - straight line, f/p - orc priest
Aim: an orc priest, wielding a -2 whip (almost dead, 0% to evade)
The magic dart hits the orc priest but does no damage.
The orc priest is almost dead.
The orc priest looks satisfied for a moment.
You hit the orc priest but do no damage.
You grab the orc priest.
The orc priest is almost dead.
You constrict the orc priest, but do no damage.
The orc priest calls down the wrath of Beogh upon you.
Beogh smites you!
You die...

#.###..≈≈≈≈P##
#.....P≈≈.≈...
##########......##
#...............'÷
#.######........##
#.# #......#####
#.# #......# # #.#
#......# # #@#
#......# # #o#
#[.....# # #o#
#......# # #o#
#......# #.#
######## #.# #)#
#.#


You could see an orc priest and 2 orcs.

Vanquished Creatures
  An orc priest (D:3)
  A centaur skeleton (D:3)
  A hound zombie (D:3)
  A worker ant zombie (D:3)
  3 gnolls (D:2)
  6 adders
  2 oozes (D:1)
  2 adder skeletons (D:3)
  2 dart slugs (D:1)
  A leopard gecko (D:1)
  3 orcs (D:3)
  6 bats
  3 giant cockroaches
  9 hobgoblins
  A quokka (D:2)
  A ball python skeleton (D:3)
  3 frilled lizards
  7 goblins
  A jackal zombie (D:3)
  5 kobolds
  A leopard gecko skeleton (D:3)
  A leopard gecko zombie (D:2)
  A quokka zombie (D:3)
  5 rats
67 creatures vanquished.

Vanquished Creatures (others)
  2 withered plants (D:3)
2 creatures vanquished.

Grand Total: 69 creatures vanquished

Notes
Turn   | Place    | Note
-------+----------+-------------------------------------------
     0 | D:1      | thiole the Octopode Hedge Wizard began the quest for the
                  | Orb.
     0 | D:1      | Reached XP level 1. HP: 11/11 MP: 4/4
    90 | D:1      | Reached XP level 2. HP: 16/17 MP: 0/6
   463 | D:1      | Reached XP level 3. HP: 21/21 MP: 4/7
  1376 | D:2      | Reached skill level 1 in Fighting
  1520 | D:2      | Reached XP level 4. HP: 24/29 MP: 4/8
  2245 | D:2      | Found a hide-covered altar of Uskayaw.
  2653 | D:3      | Reached XP level 5. HP: 34/34 MP: 7/9
  2667 | D:3      | Reached skill level 3 in Dodging
  2970 | D:3      | Reached skill level 4 in Dodging
  3127 | D:3      | Learned a level 2 spell: Call Imp
  3130 | D:3      | Learned a level 2 spell: Blink
  3134 | D:3      | Learned a level 3 spell: Mephitic Cloud
  3335 | D:3      | Reached XP level 6. HP: 39/39 MP: 5/11
  3728 | D:3      | Killed from afar by an orc priest

Illustrated notes

Levels and vault maps discovered:
D:1:      dpeg_arrival_tiny_d, layout_basic
D:2:      layout_basic, lemuel_round_altar, uniq_crazy_yiuf_cottage
D:3:      minmay_angry_zag, layout_basic, serial_undead, serial_undead_f,
          serial_undead_b, serial_undead_a, serial_undead_c, serial_undead_c,
          serial_undead_f

Skill      XL: |  1  2  3  4  5 |
---------------+----------------+-----
Conjurations   | 2 3 |  3.0
Fighting       | 2 |  2.0
Summonings     | 2 |  2.0
Dodging        | 4 |  4.0
Stealth        | |  2.6
Spellcasting   | |  3.6
Translocations | |  1.0

Action                   |  1- 3 |  4- 6 || total
-------------------------+-------+-------++-------
Melee: Dagger            |    28 |    53 ||    81
       Tentacles         |     4 |    10 ||    14
       Constrict         |     5 |    13 ||    18
 Cast: Magic Dart        |    59 |    95 ||   154
Armor: Skin              |     2 |     6 ||     8
Dodge: Dodged            |    16 |    57 ||    73
